 Dungeon Crawl Stone Soup version 0.21.1-1-g345015fe64 (webtiles) character file.

327380 KingHarkinian the Wrestler (level 20, -1/211 HPs)
             Began as a Troll Berserker on Apr 15, 2018.
             Was a High Priest of Trog.
             Slain by a two-headed ogre
             ... wielding a +0 great mace
             ... led by an ironheart preserver
              (10 damage)
             ... on level 2 of the Vaults.
             The game lasted 05:36:57 (54045 turns).

KingHarkinian the Wrestler (Troll Berserker)       Turns: 54045, Time: 05:36:57

Health: -1/211     AC: 23    Str: 37    XL:     20   Next: 78%
Magic:  0/19       EV: 16    Int:  8    God:    Trog [*****.]
Gold:   3532       SH:  0    Dex: 12    Spells: 19/19 levels left

rFire    + + .     SeeInvis .     - Unarmed
rCold    . . .     Gourm    +   (no shield)
rNeg     + + .     Faith    .   r - +5 fire dragon scales
rPois    +         Spirit   +   (helmet restricted)
rElec    .         Reflect  .   O - +2 cloak
rCorr    .         Harm     .   (gloves unavailable)
MR       +....                  (boots unavailable)
Stlth    ..........             y - amulet of guardian spirit
HPRegen  0.85/turn              A - ring of protection from cold
MPRegen  0.16/turn              k - ring of Erchetwo {rPois rN++ Str+4 Int+5}

@: slowed, drained, very slow
A: large, unfitting armour, claws 3, blurry vision 1, fast metabolism 3,
gourmand, regeneration 1, shaggy fur 1, tough skin 2
}: 2/15 runes: serpentine, barnacled
a: Berserk, Trog's Hand, Brothers in Arms, Burn Spellbooks, Renounce Religion


You were on level 2 of the Vaults.
You worshipped Trog.
Trog was extremely pleased with you.
You were completely stuffed.

You visited 7 branches of the dungeon, and saw 35 of its levels.
You visited the Abyss 1 time.
You also visited: Ossuary.

You collected 4257 gold pieces.
You spent 725 gold pieces at shops.


Innate Abilities, Weirdness & Mutations

You are too large for most types of armour.
You have claws for hands.
Your metabolism is lightning-fast.
You like to eat raw meat.
Your natural rate of healing is unusually fast.
You are covered in fur. (AC +1)
You have very tough skin. (AC +2)
Scrolls take you a little longer to read.


   Skills:
 + Level 15.4 Fighting
 + Level 10.3 Armour
 + Level 15.4(15.3) Dodging
 * Level 23.6 Unarmed Combat


You had 19 spell levels left.
You didn't know any spells.

Inventory:

Hand Weapons
 L - a +7 great mace of flaming
Missiles
 c - 987 stones
 h - 60 tomahawks
 q - 4 throwing nets {=f}
 X - 12 javelins of penetration (quivered)
Armour
 r - +5 fire dragon scales (worn)
 O - a +2 cloak (worn)
Jewellery
 k - the ring of Erchetwo (right claw) {rPois rN++ Str+4 Int+5}

   [ring of intelligence]

   It affects your strength (+4).
   It affects your intelligence (+5).
   It protects you from poison.
   It greatly protects you from negative energy.
 n - an uncursed ring of protection from fire
 w - an uncursed ring of see invisible
 y - an amulet of guardian spirit (around neck)
 A - a ring of protection from cold (left claw)
 E - a +6 ring of protection
 J - an uncursed ring of flight
 K - the ring "Poiwabic" {rCorr -Tele rPois rF+ Dex+3}

   [ring of resist corrosion]

   It affects your dexterity (+3).
   It protects you from fire.
   It protects you from poison.
   It prevents most forms of teleportation.
 P - an uncursed ring of positive energy
Wands
 a - a wand of enslavement (22)
 l - a wand of disintegration (13)
 p - a wand of digging (19)
 I - a wand of polymorph (34)
 M - a wand of acid (8)
 Q - a wand of flame (34)
 S - a wand of iceblast (30)
 T - a wand of paralysis (21)
 U - a wand of random effects (30)
Scrolls
 i - 5 scrolls of teleportation {@r4}
 j - 2 scrolls of fog
 m - 2 scrolls of identify {@r1}
 x - 6 scrolls of fear
 B - 2 scrolls of blinking
 G - a scroll of enchant armour
 H - a scroll of remove curse
 N - 5 scrolls of magic mapping
 V - 3 scrolls of immolation {!r}
 W - a scroll of holy word
Potions
 d - 6 potions of haste {@q3}
 e - 23 potions of curing {@q1}
 g - a potion of resistance
 o - 5 potions of heal wounds {@q2}
 s - 4 potions of lignification {!q}
 t - a potion of mutation {unknown}
 u - 3 potions of invisibility
 v - 5 potions of agility
 z - 5 potions of might
 C - a potion of ambrosia
 D - 7 potions of flight
 F - 3 potions of cancellation
Comestibles
 b - 37 rations
 f - 4 chunks of flesh

Dungeon Overview and Level Annotations

Branches:
Dungeon (15/15)            Temple (0/1) D:7            Lair (6/6) D:8
 Shoals (4/4) Lair:3        Snake (4/4) Lair:4        Slime (0/5) Lair:5
    Orc (2/2) D:11            Elf (2/3) Orc:2        Vaults (2/5) D:13
 Depths (0/5) D:15
  Crypt: Vaults:2-3

Altars:
Cheibriados
Elyvilon
Fedhas
Gozag
Kikubaaqudgha
Makhleb
Nemelex Xobeh
Okawaru
Ru
Sif Muna
Wu Jian
Xom
The Shining One

Shops:
D:4 [   D:5 [   D:7 %   D:8 [   D:11 =   D:12 [   D:15 *   Orc:2 [((%
Elf:2 (!%!}   Snake:4 }==   Vaults:1 ?[((*

Annotations:
D:14 exclusion: Roxanne, Roxanne
Lair:5 2 transporters
Elf:1 exclusion: 2 obsidian statues

#..# #####')#####
.......#..# #......#
.......#..# #...[.(#
.......#..# #....).#####
.......#..# #...)).#...(
.......#..# ###))..#...[
.......#..####'##..'....
......O#..##..##'###....
.....ยง.@)..#).[(####...)
......O)...)......##....
.......#..##......######
.......#..##......#
.......#..##......#
.......#..#########
.......#..# .......#..#
#..# #######


You could see 2 two-headed ogres.


Message History

You partially resist.
You feel drained. The two-headed ogre misses you.
The two-headed ogre closely misses you. The two-headed ogre misses you.
The two-headed ogre closely misses you.
You closely miss something. Something barely misses you.
The two-headed ogre barely misses you.
The two-headed ogre hits you but does no damage.
You miss something. The two-headed ogre barely misses you.
The two-headed ogre hits you with a giant spiked club!
* * * LOW HITPOINT WARNING * * *
Something touches you!
* * * LOW HITPOINT WARNING * * *
You partially resist.
You feel drained.
You mangle something!! Trog accepts your kill.
Trog appreciates your killing of a magic user.
Something appears at your feet! Trog grants you a weapon!
Reactivating autopickup.
You feel a bit more experienced.
The two-headed ogre completely misses you.
The two-headed ogre hits you but does no damage.
The two-headed ogre misses you.
The two-headed ogre hits you with a giant spiked club!
You die...

Action                   |  1- 3 |  4- 6 |  7- 9 | 10-12 | 13-15 | 16-18 | 19-21 || total
-------------------------+-------+-------+-------+-------+-------+-------+-------++-------
Melee: Unarmed           |    50 |    59 |   380 |   691 |   982 |  1207 |   784 ||  4153
       Punch             |     1 |     1 |    18 |    54 |   112 |   157 |   111 ||   454
       Whip              |     5 |       |       |       |       |       |       ||     5
       Great mace        |       |       |       |     2 |    26 |       |       ||    28
Throw: Stone             |    74 |    60 |   163 |   318 |   459 |   357 |    44 ||  1475
       Tomahawk          |       |    13 |    65 |    11 |    19 |   100 |       ||   208
       Javelin           |       |       |       |    36 |   183 |    44 |    98 ||   361
Invok: Berserk           |     1 |     2 |     7 |     9 |     7 |    11 |     8 ||    45
       Trog's Hand       |       |     2 |     2 |     6 |     9 |    21 |    12 ||    52
       Brothers in Arms  |       |       |     1 |     6 |    13 |    21 |     7 ||    48
       Burn Spellbooks   |       |       |       |     1 |       |     2 |     1 ||     4
Evoke: Wand              |       |       |       |     2 |    13 |     9 |       ||    24
  Use: Scroll            |     4 |     1 |    15 |     4 |    11 |    12 |    10 ||    57
       Potion            |       |       |     2 |     3 |       |     8 |     1 ||    14
 Stab: Distracted        |       |       |       |       |       |     3 |     2 ||     5
  Eat: Chunk             |    19 |    15 |    54 |   103 |   137 |    99 |    87 ||   514
       Ration            |       |       |       |     1 |     2 |    18 |     1 ||    22
Armor: Animal skin       |    18 |    20 |    74 |     2 |       |       |       ||   114
       Steam dragon scal |       |       |       |   175 |   221 |       |       ||   396
       Fire dragon scale |       |       |       |       |   184 |   560 |   368 ||  1112
       Skin              |       |       |       |       |       |    20 |       ||    20
Dodge: Dodged            |    24 |    31 |   145 |   386 |   731 |   653 |   484 ||  2454

Vault maps used:
D:1:      evilmike_arrival_rings, patterned_corridor
D:3:      first_ration, nicolae_ru_the_path_less_chosen, uniq_grinder,
          uniq_terence, uniq_sigmund
D:4:      lemuel_round_altar, serial_shops, shop, nicolae_tso_besieged_by_evil
D:5:      serial_shops, nicolae_shop_stone, basic_altar, minmay_small_thing,
          uniq_pikel
D:6:      grunt_temple_overflow_opulence, chequers_temple_overflow_minitemple
D:7:      minmay_temple_entry_trees, serial_shops, nicolae_shop_behind_doors,
          enter_ossuary_4
D:8:      okawaru_gym_becter, lair_entry_dummy, serial_shops, shop, uniq_psyche
D:9:      elyvilon_altar_1, nicolae_overflow_hidden_temple,
          hangedman_little_slice_of_home
D:10:     serial_co_window_serial, co_window_corner_a,
          co_window_of_opportunity_a, co_window_corner_a, co_window_paths_a,
          co_window_paths_a, co_window_paths_a, co_window_of_opportunity_a,
          co_window_2corner, co_window_broadway_a, co_window_2corner,
          co_window_sun, co_window_paths_e, glass_columns_b, glass_columns_a,
          glass_columns_a, uniq_josephine, uniq_joseph
D:11:     david_orc_1_choice, special_room, serial_shops, shop
D:12:     serial_shops, shop, basic_altar, onia_ninara_cookie, uniq_maurice
D:13:     minmay_triangles_in_corner, hangedman_vaults_entry_quadrant_bands
D:14:     hangedman_abyss_or_decor_stagger, nemelex_diamond_rough_becter,
          uniq_agnes, uniq_frances, uniq_roxanne
D:15:     gammafunk_depths_entry_grave, guppyfry_shop_earth
Lair:1:   lemuel_ratsnest, st_stairs_3, grunt_forest_stairs_basic,
          kennysheep_snail_temple
Lair:2:   uniq_urug
Lair:3:   minmay_shoals_entry_beasts, grunt_megastairs_2, serial_bayou_shore_a
Lair:4:   minmay_snake_entry_six_corridors, uniq_kirke, uniq_snorg
Lair:5:   gammafunk_cloud_chamber, slime_dummy, minivault_26,
          grunt_megastairs_5, uniq_rupert
Lair:6:   due_jungle_book, basic_altar
Shoals:4: shoals_end_hangedman, shoals_ilsuiw_alternative
Snake:1:  portal_ice_cave_entry_pillars_1, grunt_ministairs_8, lemuel_fruit_tree
Snake:3:  grunt_megastairs_3, uniq_aizul, uniq_vashnia
Snake:4:  grunt_snake_rune_spirals, special_room, hangedman_snake_corridor_cut,
          minmay_shop_grove, serial_bayou_shore_b, uniq_saint_roka
Orc:1:    uniq_harold, uniq_fannar, uniq_erolcha
Orc:2:    st_orc_pillars
Elf:1:    minmay_elf_arrival_circle, serial_shops, nicolae_shop_crystal,
          kennysheep_underground_church, corexii_checkpoint_a, david_greed
Elf:2:    serial_shops, shop, shop, shop_statue, shop_fountains, shop,
          serial_sigils_hangedman_etch
Vaults:1: v_rooms_3, grunt_vaults_bifocal, nicolae_vaults_little_squares_3,
          ontoclasm_vaults_claustrophobia, hangedman_vaults_snaps,
          nicolae_vaults_little_squares_4, vaults_room_hallway, v_alt_pattern_5,
          nicolae_vaults_shelves_hall, hangedman_vaults_capsules,
          vaults_mumra_minichess, vaults_standard_mumra_x, serial_shops,
          nicolae_shop_trees, shop, nicolae_shop_behind_doors,
          nicolae_shop_behind_doors, shop
Vaults:2: nicolae_vaults_mini_display_case, ontoclasm_vaults_fault,
          st_greater_box_5, vaults_mumra_chevron, vaults_dpeg_doors,
          nicolae_vaults_big_angled_halls, nicolae_vaults_little_ls,
          vaults_dpeg_diagonal, serial_shops, shop, uniq_xtahua
Abyss:1:  lemuel_firewalk_3
Ossuary:  ossuary_zaba_two_paths

Notes
Turn   | Place    | Note
-------+----------+-------------------------------------------
     0 | D:1      | KingHarkinian the Troll Berserker began the quest for the Orb.
     0 | D:1      | Reached XP level 1. HP: 22/22 MP: 0/0
   176 | D:1      | Reached XP level 2. HP: 26/29 MP: 1/1
   884 | D:1      | Reached XP level 3. HP: 36/36 MP: 2/2
  1511 | D:2      | Noticed a scorpion
  1521 | D:2      | Killed a scorpion
  1521 | D:2      | Reached skill level 3 in Dodging
  1521 | D:2      | Reached skill level 4 in Unarmed Combat
  1521 | D:2      | Reached XP level 4. HP: 44/44 MP: 3/3
  1636 | D:2      | Reached skill level 3 in Fighting
  1730 | D:2      | Reached ** piety under Trog
  2444 | D:3      | Reached XP level 5. HP: 53/53 MP: 4/4
  2652 | D:3      | Noticed Grinder
  2669 | D:3      | Killed Grinder
  2669 | D:3      | Reached skill level 5 in Unarmed Combat
  2669 | D:3      | Reached XP level 6. HP: 62/62 MP: 5/5
  2896 | D:3      | Noticed Sigmund
  2902 | D:3      | Killed Sigmund
  2902 | D:3      | Reached skill level 6 in Unarmed Combat
  2902 | D:3      | Reached XP level 7. HP: 68/68 MP: 6/6
  2937 | D:3      | Reached skill level 4 in Fighting
  2946 | D:3      | Noticed Terence
  2955 | D:3      | Killed Terence
  2955 | D:3      | Reached skill level 4 in Dodging
  3303 | D:3      | Found a sacrificial altar of Ru.
  3689 | D:4      | Found Siyromer's Antique Armour Shoppe.
  3724 | D:4      | Found a glowing golden altar of the Shining One.
  3729 | D:4      | Reached *** piety under Trog
  4253 | D:4      | Found a shimmering altar of Xom.
  4597 | D:5      | Entered Level 5 of the Dungeon
  4649 | D:5      | Reached skill level 7 in Unarmed Combat
  4679 | D:5      | Found Jawo's Antique Armour Boutique.
  4749 | D:5      | Reached XP level 8. HP: 79/79 MP: 7/7
  4791 | D:5      | Found a deep blue altar of Sif Muna.
  5114 | D:5      | Noticed Pikel
  5130 | D:5      | Killed Pikel
  5130 | D:5      | Reached skill level 5 in Fighting
  5130 | D:5      | Reached skill level 5 in Dodging
  5130 | D:5      | Reached skill level 8 in Unarmed Combat
  5502 | D:6      | Found an ancient bone altar of Kikubaaqudgha.
  5502 | D:6      | Found a faded altar of an unknown god.
  5507 | D:6      | Found an ornate altar of the Wu Jian Council.
  5509 | D:6      | Found a sacrificial altar of Ru.
  5511 | D:6      | Found a faded altar of an unknown god.
  5790 | D:6      | Reached **** piety under Trog
  5790 | D:6      | Reached XP level 9. HP: 88/88 MP: 8/8
  5798 | D:6      | Reached skill level 9 in Unarmed Combat
  5857 | D:6      | Found an opulent altar of Gozag.
  5860 | D:6      | Found a sparkling altar of Nemelex Xobeh.
  6393 | D:7      | Found a sand-covered staircase.
  6400 | Ossuary  | Entered an ossuary
  6592 | Ossuary  | Received a gift from Trog
  6699 | Ossuary  | Reached ***** piety under Trog
  6791 | Ossuary  | Received a gift from Trog
  6897 | D:7      | Found a staircase to the Ecumenical Temple.
  7041 | D:7      | Found Duelimpi's Food Shoppe.
  7280 | D:7      | Reached skill level 6 in Fighting
  7280 | D:7      | Reached skill level 6 in Dodging
  7401 | D:7      | Reached skill level 10 in Unarmed Combat
  7401 | D:7      | HP: 4/89 [bullfrog (6)]
  7879 | D:8      | Found Libliucw's Antique Armour Shoppe.
  8038 | D:8      | Found an iron altar of Okawaru.
  8367 | D:8      | Found a staircase to the Lair.
  8569 | D:8      | Noticed Psyche
  8695 | D:9      | Noticed raetorn's ghost (novice MiGl)
  8744 | D:9      | Killed raetorn's ghost
  8744 | D:9      | Reached XP level 10. HP: 100/100 MP: 9/9
  8838 | D:9      | Found a white marble altar of Elyvilon.
  9148 | D:9      | Reached skill level 11 in Unarmed Combat
  9254 | D:9      | Found a snail-covered altar of Cheibriados.
  9389 | D:9      | Reached skill level 7 in Fighting
  9389 | D:9      | Reached skill level 7 in Dodging
  9637 | D:10     | Entered Level 10 of the Dungeon
  9873 | D:10     | Noticed Knicklaso's ghost (novice DsGl)
  9883 | D:10     | Killed Knicklaso's ghost
 10031 | D:10     | Reached skill level 12 in Unarmed Combat
 10471 | D:10     | Noticed a cyclops
 10480 | D:10     | Killed a cyclops
 10501 | D:10     | Noticed Joseph
 10516 | D:10     | Killed Joseph
 10516 | D:10     | Reached XP level 11. HP: 89/109 MP: 10/10
 10766 | D:10     | Noticed Josephine
 10777 | D:10     | Killed Josephine
 11409 | D:11     | Found Haluoh's Jewellery Shop.
 11417 | D:11     | Got a smoking platinum ring
 11419 | D:11     | Identified the ring of Erchetwo {rPois rN++ Str+4 Int+5} (You found it on level 11 of the Dungeon)
 11486 | D:11     | Reached skill level 8 in Fighting
 11486 | D:11     | Reached skill level 8 in Dodging
 11873 | D:11     | Reached skill level 13 in Unarmed Combat
 11981 | D:11     | Found a staircase to the Orcish Mines.
 12113 | D:11     | Noticed an orc knight
 12159 | D:11     | Killed an orc knight
 12522 | D:12     | Found Uhaogoniq's Armour Shoppe.
 12672 | D:12     | Noticed a purple ugly thing
 12672 | D:12     | Noticed a two-headed ogre
 12699 | D:12     | Found a burning altar of Makhleb.
 12801 | D:12     | Noticed a purple ugly thing
 12802 | D:12     | Noticed a red ugly thing
 12804 | D:12     | Paralysed by a floating eye for 2 turns
 12808 | D:12     | Paralysed by a floating eye for 3 turns
 12812 | D:12     | Paralysed by a floating eye for 4 turns
 13038 | D:12     | Noticed Maurice
 13049 | D:12     | Killed Maurice
 13130 | D:12     | Killed a two-headed ogre
 13333 | D:8      | Killed Psyche
 13346 | Lair:1   | Entered Level 1 of the Lair of Beasts
 13367 | Lair:1   | Reached XP level 12. HP: 120/122 MP: 11/11
 13495 | Lair:1   | Reached skill level 14 in Unarmed Combat
 13885 | Lair:1   | Reached skill level 9 in Fighting
 13885 | Lair:1   | Reached skill level 9 in Dodging
 14797 | Lair:1   | Found a snail-covered altar of Cheibriados.
 15300 | Lair:2   | HP: 11/123 [black mamba (14)]
 15300 | Lair:2   | HP: 5/123 [black mamba (6)]
 15305 | Lair:2   | HP: 1/123 [poisoned by a black mamba]
 15567 | Lair:2   | Noticed Urug
 15588 | Lair:2   | Killed Urug
 16765 | Lair:3   | Noticed an eight-headed hydra
 16771 | Lair:3   | Killed an eight-headed hydra
 16771 | Lair:3   | Reached skill level 15 in Unarmed Combat
 17060 | Lair:3   | Found a staircase to the Shoals.
 17233 | Lair:4   | Noticed a four-headed hydra
 17252 | Lair:3   | Killed a six-headed hydra
 17387 | Lair:4   | Noticed Snorg
 17533 | Lair:4   | Killed Snorg
 17533 | Lair:4   | Reached XP level 13. HP: 78/133 MP: 6/12
 17759 | Lair:4   | Found a staircase to the Snake Pit.
 18126 | Lair:4   | Noticed Kirke
 18130 | Lair:4   | Reached skill level 10 in Fighting
 18136 | Lair:4   | Reached skill level 10 in Dodging
 18147 | Lair:4   | Killed Kirke
 18590 | Lair:5   | Found a transporter.
 18700 | Lair:5   | Reached skill level 16 in Unarmed Combat
 18875 | Lair:5   | Noticed Rupert
 18881 | Lair:5   | Killed Rupert
 19077 | Lair:5   | Found a transporter.
 19091 | Lair:5   | Found a staircase to the Slime Pits.
 19586 | Lair:6   | Entered Level 6 of the Lair of Beasts
 20458 | Lair:6   | Found a blossoming altar of Fedhas.
 20546 | Lair:6   | Noticed Dickchan's ghost (journeyman KoEn)
 20573 | Lair:6   | Killed Dickchan's ghost
 20573 | Lair:6   | Reached XP level 14. HP: 144/144 MP: 13/13
 21239 | Orc:1    | Entered Level 1 of the Orcish Mines
 21544 | Orc:1    | Noticed Erolcha
 21560 | Orc:1    | Paralysed by Erolcha for 4 turns
 21565 | Orc:1    | Killed Erolcha
 21628 | Orc:1    | Noticed Harold
 21645 | Orc:1    | Killed Harold
 21831 | Orc:1    | Noticed Fannar
 21834 | Orc:1    | Killed Fannar
 22060 | Orc:2    | Entered Level 2 of the Orcish Mines
 22162 | Orc:2    | Received a gift from Trog
 22605 | Orc:2    | Noticed an orc warlord
 22619 | Orc:2    | Paralysed by an orc sorcerer for 3 turns
 22658 | Orc:2    | Reached skill level 17 in Unarmed Combat
 22777 | Orc:1    | Killed an orc warlord
 22777 | Orc:1    | Reached skill level 11 in Fighting
 22777 | Orc:1    | Reached skill level 11 in Dodging
 23019 | Orc:2    | Found a staircase to the Elven Halls.
 24474 | Orc:2    | Found Sawk's Food Boutique.
 24477 | Orc:2    | Found Yngua's Antique Armour Boutique.
 24478 | Orc:2    | Found Rangan's Weapon Boutique.
 24479 | Orc:2    | Found Avealol's Weapon Shop.
 24482 | Orc:2    | Bought a +0 blowgun for 32 gold pieces
 24486 | Orc:2    | Bought 3 javelins for 38 gold pieces
 25013 | D:12     | Paralysed by a floating eye for 3 turns
 25606 | D:12     | Paralysed by a floating eye for 4 turns
 26798 | D:13     | Reached skill level 18 in Unarmed Combat
 26972 | D:13     | Reached XP level 15. HP: 145/156 MP: 14/14
 27024 | D:13     | Found a gate to the Vaults.
 27972 | D:14     | Noticed Agnes
 27979 | D:14     | Killed Agnes
 28040 | D:14     | Noticed Frances
 28052 | D:14     | Killed Frances
 28224 | D:14     | Noticed Roxanne
 28263 | D:14     | Reached skill level 12 in Fighting
 28516 | D:14     | Found a sparkling altar of Nemelex Xobeh.
 28557 | D:14     | Reached skill level 12 in Dodging
 29046 | D:15     | Entered Level 15 of the Dungeon
 29108 | D:15     | Found a staircase to the Depths.
 30065 | D:15     | Received a gift from Trog
 30065 | D:15     | Reached skill level 19 in Unarmed Combat
 30083 | D:15     | Got a coiled ivory ring
 30423 | D:15     | Found Amif's Pet Rocks.
 31078 | Lair:1   | Identified the ring "Poiwabic" {rCorr -Tele rPois rF+ Dex+3} (You took it off a centaur warrior on level 15 of the Dungeon)
 31143 | Snake:1  | Entered Level 1 of the Snake Pit
 31504 | Snake:1  | Reached skill level 1 in Armour
 31887 | Snake:1  | Reached XP level 16. HP: 114/167 MP: 9/15
 32358 | Snake:1  | Reached skill level 2 in Armour
 32980 | Snake:2  | Received a gift from Trog
 33368 | Snake:2  | Reached skill level 3 in Armour
 34840 | Snake:3  | Noticed Aizul
 34854 | Snake:3  | Killed Aizul
 35087 | Snake:3  | Noticed Vashnia
 35089 | Snake:3  | Reached skill level 20 in Unarmed Combat
 35107 | Snake:3  | Reached skill level 4 in Armour
 35117 | Snake:3  | Reached skill level 13 in Fighting
 35450 | Snake:3  | Killed Vashnia
 35450 | Snake:3  | Reached skill level 13 in Dodging
 35654 | Snake:3  | Cast into level 1 of the Abyss (salamander)
 35936 | Abyss:1  | Gained mutation: Scrolls take you a little longer to read. [a neqoxec]
 35957 | Abyss:1  | Noticed a tentacled starspawn
 35961 | Abyss:1  | Killed a tentacled starspawn
 36036 | Abyss:1  | Reached XP level 17. HP: 132/176 MP: 12/16
 36161 | Snake:3  | Escaped the Abyss
 36432 | Snake:4  | Entered Level 4 of the Snake Pit
 36585 | Snake:4  | Reached skill level 5 in Armour
 37021 | Snake:4  | Noticed Saint Roka
 37047 | Snake:4  | HP: 16/178 [Saint Roka/glaive (20)]
 37048 | Snake:4  | HP: 5/178 [Saint Roka/glaive (14)]
 37051 | Snake:4  | Killed Saint Roka
 37766 | Snake:4  | Found Myhuasse's Gadget Shoppe.
 37767 | Snake:4  | Found Ymeaman's Jewellery Shop.
 37767 | Snake:4  | Found Lint's Jewellery Shop.
 37773 | Snake:4  | Bought an uncursed ring of protection from cold for 300 gold pieces
 38418 | Snake:4  | Reached skill level 6 in Armour
 39124 | Snake:4  | Reached skill level 21 in Unarmed Combat
 40195 | Snake:4  | Reached XP level 18. HP: 137/188 MP: 12/17
 40343 | Snake:4  | Got a serpentine rune of Zot
 41319 | Shoals:1 | Entered Level 1 of the Shoals
 41419 | Shoals:1 | Reached skill level 7 in Armour
 41582 | Shoals:1 | Reached skill level 14 in Fighting
 42279 | Shoals:1 | Reached skill level 14 in Dodging
 43863 | Shoals:3 | HP: 28/283 [alligator snapping turtle (23)]
 43864 | Shoals:3 | HP: 12/283 [alligator snapping turtle (19)]
 43888 | Shoals:3 | HP: 28/283 [sea snake (5)]
 44550 | Shoals:4 | Entered Level 4 of the Shoals
 45000 | Shoals:4 | Noticed TheWayOfAllFlesh's ghost (adept DEFE)
 45307 | Shoals:4 | Noticed Ilsuiw
 45328 | Shoals:4 | Killed Ilsuiw
 45440 | Shoals:4 | Reached skill level 8 in Armour
 45440 | Shoals:4 | Reached skill level 22 in Unarmed Combat
 45563 | Shoals:4 | Received a gift from Trog
 45888 | Shoals:4 | Reached XP level 19. HP: 111/198 MP: 10/18
 46344 | Shoals:4 | Killed TheWayOfAllFlesh's ghost
 46366 | Shoals:4 | Got a crude ruby amulet
 46821 | Shoals:4 | Got a barnacled rune of Zot
 46965 | Lair:1   | Identified the amulet of Ikoiseuxt {Gourm rF+ MR- Str+4 Dex+4} (You took it off a merfolk siren on level 4 of the Shoals)
 47122 | Elf:1    | Entered Level 1 of the Elven Halls
 48073 | Elf:1    | Received a gift from Trog
 48478 | Elf:1    | Found Ewnaycli's Antique Armour Emporium.
 49130 | Elf:2    | Reached skill level 9 in Armour
 49246 | Elf:2    | Found Uxejest's Food Boutique.
 49299 | Elf:2    | Found Jaopryre's Distillery.
 49302 | Elf:2    | Found Ihin's Weapon Shoppe.
 49316 | Elf:2    | Bought a potion of agility for 64 gold pieces
 49316 | Elf:2    | Bought a potion of curing for 48 gold pieces
 49402 | Elf:2    | Found Muipits's Gadget Shoppe.
 49604 | Elf:2    | Found Yris's Distillery.
 49612 | Elf:2    | Bought a potion of curing for 36 gold pieces
 49612 | Elf:2    | Bought a potion of curing for 36 gold pieces
 49612 | Elf:2    | Bought a potion of curing for 36 gold pieces
 50304 | Vaults:1 | Entered Level 1 of the Vaults
 50354 | Vaults:1 | Paralysed by a sphinx for 7 turns
 50579 | D:13     | Reached skill level 15 in Fighting
 50771 | D:13     | Received a gift from Trog
 50978 | D:13     | Reached XP level 20. HP: 197/210 MP: 19/19
 51143 | D:13     | Reached skill level 15 in Dodging
 51143 | D:13     | Reached skill level 23 in Unarmed Combat
 51501 | Vaults:1 | Found Ehustel's Antique Armour Shoppe.
 51917 | Vaults:1 | Found Pousiate's Antique Weapon Boutique.
 52069 | Vaults:1 | Found Vefuetei's Antique Weapon Boutique.
 52171 | Vaults:1 | Found Dekulos's Magic Scroll Emporium.
 52372 | Vaults:1 | Found Meopuh's Assorted Antiques.
 52399 | Vaults:1 | Bought a potion of heal wounds for 135 gold pieces
 52549 | Vaults:1 | Received a gift from Trog
 52561 | Vaults:1 | Reached ****** piety under Trog
 53128 | Vaults:2 | Reached skill level 10 in Armour
 53586 | Vaults:2 | Noticed Xtahua
 53606 | Vaults:2 | Killed Xtahua
 53633 | Vaults:2 | HP: 10/211 [storm dragon/bolt of lightning (34)]
 54044 | Vaults:2 | HP: 16/211 [two-headed ogre/great mace[an ironheart preserver] (12)]
 54045 | Vaults:2 | Received a gift from Trog
 54045 | Vaults:2 | Slain by a two-headed ogre

Vanquished Creatures
  Saint Roka (Snake:4)
  Vashnia (Snake:3)
  Xtahua (Vaults:2)
  A lich (Vaults:2)
  2 tentacled starspawn (Abyss:1)
  A sphinx (Vaults:1)
  A kraken (Shoals:4)
  Kirke (Lair:4)
  A shadow dragon (Vaults:2)
  The ghost of TheWayOfAllFlesh the Devastator, an adept DEFE of Vehumet (Shoals:4)
  Frances (D:14)
  Agnes (D:14)
  A revenant (Abyss:1)
  Ilsuiw (Shoals:4)
  15 nagarajas
  A storm dragon (Vaults:2)
  3 vault wardens
  A fire giant (Vaults:2)
  A cacodemon (Abyss:1)
  An orc warlord (Orc:1)
  A caustic shrike zombie (D:15)
  Aizul (Snake:3)
  A deep elf elementalist (Elf:1)
  7 ironheart preservers
  2 ettins (Vaults:2)
  Snorg (Lair:4)
  A merfolk javelineer (Shoals:4)
  A deep elf death mage (Vaults:2)
  Josephine (D:10)
  4 yaktaur captains
  5 merfolk impalers
  2 deep elf high priests
  Erolcha (Orc:1)
  Harold (Orc:1)
  7 vault guards
  27 naga warriors
  8 hydras
  2 merfolk avatars (Shoals:4)
  6 anacondas
  The ghost of raetorn the Cruncher, a novice MiGl of Wu Jian (D:9)
  3 alligator snapping turtles
  8 merfolk aquamancers
  A vampire mage (D:15)
  13 two-headed ogres
  The ghost of Knicklaso the Cruncher, a novice DsGl of Uskayaw (D:10)
  3 ogre magi
  9 centaur warriors
  A deep troll shaman (D:13)
  3 death yaks
  A satyr (Shoals:3)
  A tengu warrior (D:14)
  Urug (Lair:2)
  5 orc high priests (Orc:2)
  8 dancing weapons
  2 deep troll earth magi (Vaults:1)
  2 thrashing horrors (Abyss:1)
  25 naga sharpshooters
  5 shock serpents
  A hell knight (Vaults:2)
  20 deep elf knights
  A fire crab (shapeshifter) (D:13)
  2 wretched stars (Abyss:1)
  3 skeletal warriors
  9 naga ritualists
  A salamander mystic (Snake:2)
  10 sea snakes
  5 deep trolls
  An unseen horror (D:13)
  51 deep elf magi
  2 wizards (Vaults:1)
  A necromancer (D:15)
  21 deep elf archers
  Pikel (D:5)
  29 harpies
  12 orc knights
  9 ironbrand convokers
  A harpy (shapeshifter) (Vaults:1)
  A sphinx zombie (D:15)
  2 wolf spiders (Vaults:1)
  An orb spider (shapeshifter) (Vaults:1)
  4 mana vipers
  2 orc sorcerers
  A stone giant zombie (D:15)
  A worldbinder (Abyss:1)
  11 fauns
  18 ugly things
  6 salamanders
  6 cyclopes
  8 manticores
  Maurice (D:12)
  6 guardian serpents
  Joseph (D:10)
  11 merfolk sirens
  4 centaur zombies
  4 elephants (Lair:6)
  25 black mambas
  4 water nymphs
  5 vault sentinels
  9 spiny frogs
  An orange demon (Abyss:1)
  5 gargoyles
  2 large abominations (Abyss:1)
  2 smoke demons (Abyss:1)
  18 naga magi
  A torpor snail (Lair:1)
  5 freezing wraiths
  3 rime drakes
  3 kobold demonologists
  4 komodo dragons
  14 yaktaurs
  A tengu conjurer (D:15)
  2 ancient zymes (Abyss:1)
  3 meliai (D:14)
  25 merfolk
  10 trolls
  A wind drake (Shoals:4)
  6 hippogriffs
  A polar bear (shapeshifter) (Vaults:1)
  A raiju (Abyss:1)
  A snapping turtle (shapeshifter) (Vaults:1)
  17 slime creatures
  Grinder (D:3)
  7 dream sheep (Lair:6)
  13 blink frogs
  Sigmund (D:3)
  14 snapping turtles
  A stone giant simulacrum (Abyss:1)
  3 air elementals
  2 tarantellas (shapeshifter)
  22 yaks
  12 water elementals
  8 wyverns
  An ettin skeleton (D:15)
  7 hogs (Lair:4)
  A yak (shapeshifter) (Elf:2)
  4 wraiths (D:10)
  A basilisk (Lair:3)
  A vampire (D:12)
  A hog (shapeshifter) (Vaults:1)
  A steam dragon (D:9)
  4 fire elementals
  3 chaos spawn (Abyss:1)
  3 neqoxecs (Abyss:1)
  4 hungry ghosts
  2 vampire mosquitoes (D:15)
  A warg (Snake:4)
  5 acid dragons
  60 nagas
  7 porcupines
  2 floating eyes (D:12)
  18 water moccasins
  A hornet zombie (D:13)
  3 small abominations
  4 sky beasts
  8 ice beasts
  45 orc warriors
  2 black bears
  3 phantoms
  2 slaves (D:5)
  2 boggarts (Vaults:1)
  2 eyes of draining
  12 ogres
  5 wolves
  18 centaurs
  13 crocodiles
  5 big kobolds
  16 bullfrogs
  A glowing shapeshifter simulacrum (Vaults:1)
  An earth elemental (D:15)
  A wyvern zombie (D:13)
  3 scorpions
  5 killer bees (D:11)
  12 wights
  4 howler monkeys
  2 electric eels (Lair:3)
  4 crimson imps
  A bullfrog zombie (D:6)
  14 hounds
  9 jellies
  13 orc wizards
  An iron imp (Abyss:1)
  33 orc priests
  10 centaur skeletons
  Terence (D:3)
  2 bullfrog skeletons
  2 iguanas
  17 hell rats
  8 worker ants
  4 big kobold zombies (Ossuary)
  A mummy (Ossuary)
  4 gnolls (D:4)
  17 adders
  11 river rats (Lair:1)
  3 shadow imps
  A white imp (Abyss:1)
  7 oozes
  An adder zombie (D:5)
  A worm (D:4)
  4 dart slugs
  3 leopard geckos
  84 orcs
  5 spectral bats (Ossuary)
  6 bats
  4 giant cockroaches
  8 gnoll zombies (Ossuary)
  10 goblins
  7 hobgoblins
  11 jackals
  8 quokkas
  2 ball pythons
  5 bat simulacra (Ossuary)
  8 frilled lizards
  4 goblin simulacra (Ossuary)
  3 goblin skeletons (D:4)
  7 goblin zombies
  5 hobgoblin zombies
  7 kobolds
  A kobold simulacrum (Ossuary)
  3 kobold skeletons (D:4)
  7 kobold zombies
  A leopard gecko zombie (D:7)
  An orc skeleton (D:4)
  5 orc zombies (Ossuary)
  17 rats
  3 rat simulacra (Ossuary)
  A rat zombie (D:7)
  4 spectral kobolds (Ossuary)
  2 spectral rats (Ossuary)
  A bush (D:9)
  A fungus (Lair:3)
  2 plants
1431 creatures vanquished.

Vanquished Creatures (collateral kills)
  Rupert (Lair:5)
  A tengu reaver (Vaults:2)
  A nagaraja (Snake:2)
  A vault warden (Vaults:2)
  The ghost of Dickchan the Swashbuckler, a journeyman KoEn of Dithmenos (Lair:6)
  A merfolk javelineer (Shoals:2)
  A yaktaur captain (Vaults:2)
  2 merfolk impalers (Shoals:4)
  An ogre mage (Vaults:2)
  A fire dragon (D:13)
  Fannar (Orc:1)
  5 hydras
  A merfolk aquamancer (Shoals:4)
  2 two-headed ogres
  A centaur warrior (D:13)
  An orc high priest (Orc:1)
  5 naga sharpshooters
  A salamander mystic (Snake:3)
  A sea snake (Shoals:4)
  2 naga ritualists (Snake:4)
  A wizard (Vaults:2)
  An ironbrand convoker (Vaults:2)
  3 harpies
  An ugly thing (D:15)
  3 salamanders
  A cyclops (D:13)
  A black mamba (Lair:6)
  A torpor snail (Lair:1)
  A water nymph (Shoals:2)
  Psyche (D:8)
  2 yaktaurs (Vaults:2)
  4 merfolk (Shoals:4)
  5 blink frogs
  A meliai zombie (D:15)
  2 water elementals (Shoals:4)
  A wyvern (Lair:6)
  2 basilisks
  2 nagas
  2 orc warriors
  2 ogres
  A bullfrog (D:15)
  An iguana (D:14)
  3 hell rats (Lair:3)
  5 orcs
  A tentacle (Shoals:4)
79 creatures vanquished.

Vanquished Creatures (others)
  A deep elf knight (Elf:2)
  A wyvern (D:13)
  An orc warrior (Vaults:2)
  An orc wizard (D:11)
  An orc (D:13)
  3 fungi
  24 plants
  4 starspawn tentacles (Abyss:1)
  16 tentacles
  7 withered plants (D:15)
59 creatures vanquished.

Grand Total: 1569 creatures vanquished
